 Dungeon Crawl Stone Soup version 0.29.0-15-g675c0067aa (webtiles) character file.

Game seed: 11347008568094095983

14515 qw the Cleaver (level 12, -10/76 HPs)
             Began as a Gargoyle Fighter on Sept 12, 2022.
             Was an Elder of Okawaru.
             Killed from afar by an oklob plant (20 damage)
             ... with a splash of acid
             ... on level 2 of the Lair of Beasts.
             The game lasted 00:04:28 (12178 turns).

qw the Cleaver (Gargoyle Fighter)                  Turns: 12178, Time: 00:04:28

Health: -10/76     AC: 15    Str: 23    XL:     12   Next: 17%
Magic:  18/19      EV: 10    Int: 11    God:    Okawaru [****..]
Gold:   206        SH:  6    Dex:  9    Spells: 11/11 levels left

rFire   . . .      SeeInvis .   z - +0 broad axe
rCold   . . .      Faith    .   c - +0 buckler
rNeg    + . .      Spirit   .   m - +2 chain mail {Will+}
rPois   inf        Reflect  .   b - +2 helmet
rElec   +          Harm     .   a - +1 cloak
rCorr   .          Rampage  .   t - +1 pair of gloves
Will    +....                   (no boots)
Stlth   ..........              p - amulet of regeneration
HPRegen 1.02/turn               l - +4 ring of slaying {mikee}
MPRegen 0.16/turn               (no ring)

@: heroic, corroded
A: sickness immunity, AC +8, negative energy resistance 1, electricity
resistance, torment resistance 1, petrification resistance
a: Renounce Religion, Heroism, Finesse


You were on level 2 of the Lair of Beasts.
You worshipped Okawaru.
Okawaru was greatly pleased with you.
You visited 3 branches of the dungeon, and saw 12 of its levels.
You also visited: Ossuary.

You collected 862 gold pieces.
You spent 656 gold pieces at shops.


Innate Abilities, Weirdness & Mutations

You are immune to sickness and miasma.
Your stone body is resilient. (AC +8)
You are immune to poison.
You resist negative energy. (rN+)
You are resistant to electric shocks. (rElec)
You are resistant to unholy torment.
You are immune to petrification.


   Skills:
 - Level 9.0(14.0) Fighting
 - Level 12.0(17.0) Axes
 - Level 2.7(7.7) Throwing
 - Level 7.1(12.1) Armour
 - Level 2.2(7.2) Dodging
 + Level 5.4(10.4) Shields
 - Level 10.2 Invocations


You had 11 spell levels left.
You didn't know any spells.
Your spell library was empty.

Inventory:

Hand Weapons
 u - a +0 morningstar
 z - a +0 broad axe (weapon)
Missiles
 g - a boomerang (quivered)
Armour
 a - a +1 cloak (worn)
 b - a +2 helmet (worn)
 c - a +0 buckler (worn)
 m - a +2 chain mail of willpower (worn)
 q - a +0 plate armour
 t - a +1 pair of gloves (worn)
 v - the +4 cloak of the Unstoppable Nights {rElec Int-2 Dex+5}
   (Okawaru gifted it to you on level 2 of the Lair of Beasts)

   Int:       It affects your intelligence (-2).
   Dex:       It affects your dexterity (+5).
   rElec:     It insulates you from electricity.
 y - a +2 pair of gloves
Jewellery
 f - a ring of ice
 l - a +4 ring of slaying (left hand) {mikee}
 p - an amulet of regeneration (around neck)
Scrolls
 i - 8 scrolls of identify
 s - 2 scrolls of blinking
Potions
 d - 2 potions of might
 j - 10 potions of curing
 k - a potion of haste
 o - 2 potions of attraction
 r - a potion of resistance
 w - a potion of lignification
 x - a potion of magic

Dungeon Overview and Level Annotations

Branches:
Dungeon (9/15)             Temple (1/1) D:4            Lair (2/5) D:9
Ossuary (visited)
  Swamp: Lair:2-3    Shoals: Lair:2-3     Snake: Lair:2-3    Spider: Lair:2-3
    Orc: D:9-12

Altars:
Cheibriados
Dithmenos
Elyvilon
Fedhas
Gozag
Hepliaklqana
Kikubaaqudgha
Makhleb
Nemelex Xobeh
Okawaru
Sif Muna
Trog
Uskayaw
Wu Jian
Yredelemnul
Zin
The Shining One

Shops:
D:5 !   D:6 =*:   D:9 *

Annotations:
D:7 1 runed translucent door, Crazy Yiuf
D:8 2 transporters


Message History

The acid corrodes you! The oklob plant spits acid at you.
The splash of acid misses you. The oklob plant spits acid at you.
The splash of acid hits you! The oklob plant spits acid at you.
The splash of acid hits you but does no damage.
The acid corrodes you!
12139 ||| DRINKING potion of cancellation.
Your magical effects are unravelling.
You feel magically purged.
You are no longer corroded.
The oklob plant spits acid at you.
The splash of acid hits you but does no damage.
The acid corrodes you! The oklob plant spits acid at you.
The splash of acid hits you! The oklob plant spits acid at you.
The splash of acid hits you!!
You are no longer corroded.
The oklob plant spits acid at you.
The splash of acid hits you but does no damage.
The oklob plant spits acid at you.
The splash of acid hits you but does no damage.
The acid corrodes you! The oklob plant spits acid at you.
The splash of acid hits you but does no damage.
The acid corrodes you! The oklob plant spits acid at you.
The splash of acid hits you. The acid corrodes you!
The oklob plant spits acid at you. The splash of acid hits you!
The acid corrodes you!
You feel like a meek peon again. The oklob plant spits acid at you.
You block the splash of acid.
12172 ||| INVOKING Heroism.
You gain the combat prowess of a mighty hero.
The oklob plant spits acid at you. The splash of acid hits you!!
You die...

#).............P.................
.....#........#....._.....P......
#.#..##......#.##............)...
.##P.##.......##..........#......
.........................[#......
..........................#.#....
.................................
>................................
................@................
..........................##.P...
#..###.............##....#...##..
##.# ##.............#.....#......
... #P.......(..........##......
.....##......PPP.........#P......
## .....[.$PPP!........##......
##......PPP....P............ ###
#.............#P.....#......


You could see an oklob plant.

Vanquished Creatures
  A hydra (Lair:1)
  A boulder beetle (Lair:1)
  2 death yaks (Lair:1)
  A deep elf pyromancer (D:8)
  Joseph (D:7)
  A black mamba (Lair:1)
  Maggie (D:6)
  Maurice (D:9)
  A torpor snail (Lair:1)
  3 cane toads (Lair:2)
  4 komodo dragons
  A hornet (D:8)
  A troll (D:9)
  5 blink frogs (Lair:1)
  A wyvern (D:9)
  13 yaks
  Menkaure (D:7)
  2 steam dragons
  3 water moccasins
  2 orc warriors
  2 ice beasts
  A sky beast (D:6)
  4 black bears
  An ogre (D:6)
  4 wolves (Lair:1)
  3 centaurs
  A kobold brigand (D:8)
  11 bullfrogs
  A gnoll sergeant (D:8)
  4 scorpions
  4 necrophages
  10 wights
  A troll zombie (Ossuary)
  2 howler monkeys
  An electric eel (D:6)
  2 centaur zombies (Ossuary)
  3 hounds
  A gnoll bouda (D:7)
  2 orc priests
  2 jellies (D:6)
  3 iguanas
  5 orc wizards
  2 ogre zombies (Ossuary)
  7 mummies (Ossuary)
  Robin (D:2)
  8 gnolls
  6 adders
  3 white imps
  5 adder zombies (Ossuary)
  4 worms
  2 dart slugs
  24 orcs
  8 ball pythons
  7 endoplasms
  4 giant cockroaches
  10 goblins
  3 hobgoblins
  7 jackals (D:4)
  10 kobolds
  5 quokkas
  3 bats
  2 frilled lizards (D:2)
  A gnoll zombie (Ossuary)
  5 goblin zombies (Ossuary)
  A hobgoblin zombie (Ossuary)
  7 kobold zombies (Ossuary)
  2 quokka zombies (Ossuary)
  6 rats
  4 rat zombies (Ossuary)
261 creatures vanquished.

Vanquished Creatures (others)
  2 fungi (D:9)
2 creatures vanquished.

Grand Total: 263 creatures vanquished

Notes
Turn   | Place    | Note
-------+----------+-------------------------------------------
     0 | D:1      | qw the Gargoyle Fighter began the quest for the Orb.
     0 | D:1      | Reached XP level 1. HP: 14/14 MP: 1/1
     0 | D:1      | 0 ||| qw: Version: 0.1-a-119-g272c26d
     0 | D:1      | 0 ||| qw: Game counter: 10938
     0 | D:1      | 0 ||| qw: Always use a shield: true
     0 | D:1      | 0 ||| qw: God list: Okawaru
     0 | D:1      | 0 ||| qw: Allow faded altars: false
     0 | D:1      | 0 ||| qw: Do Orc after D:15 true
     0 | D:1      | 0 ||| qw: Do second Lair branch before Depths: true
     0 | D:1      | 0 ||| qw: Lair rune preference: random
     0 | D:1      | 0 ||| qw: Plans: Normal, Zot, God:TSO, Crypt, Tomb, Pan,
                  | Slime, Hells, Zig, Abyss, Orb
     0 | D:1      | 0 ||| PLANNING D:1-11
     4 | D:1      | 4 ||| Stepping randomly (stuck).
    17 | D:1      | Reached skill level 2 in Axes
   116 | D:1      | 116 ||| Stepping ~*~*~tactically~*~*~ (stealth).
   117 | D:1      | 117 ||| Stepping ~*~*~tactically~*~*~ (stealth).
   121 | D:1      | Reached XP level 2. HP: 19/19 MP: 2/2
   220 | D:1      | 220 ||| DROPPING +0 club.
   333 | D:1      | 333 ||| READING scroll labelled DALIPS JOMNUD.
   334 | D:1      | 334 ||| Stepping randomly (stuck).
   389 | D:1      | Reached skill level 3 in Axes
   389 | D:1      | Reached XP level 3. HP: 12/23 MP: 3/3
   902 | D:1      | 902 ||| READING scroll labelled FANERA SARUDI.
   928 | D:2      | 928 ||| STAIRDANCE
   964 | D:2      | Found a hazy altar of Hepliaklqana.
  1377 | D:2      | Noticed Robin
  1378 | D:2      | 1378 ||| Stepping ~*~*~tactically~*~*~ (stealth).
  1385 | D:2      | Reached XP level 4. HP: 20/28 MP: 4/4
  1388 | D:2      | Killed Robin
  1389 | D:2      | Reached skill level 4 in Axes
  1961 | D:2      | 1961 ||| UPGRADING to +0 cloak.
  1966 | D:2      | 1966 ||| UPGRADING to +0 chain mail.
  1976 | D:2      | 1976 ||| DROPPING +0 scale mail.
  1977 | D:2      | 1977 ||| UPGRADING to +0 helmet.
  1982 | D:2      | 1982 ||| UPGRADING to +2 chain mail of willpower.
  1992 | D:2      | 1992 ||| DROPPING +0 chain mail.
  1993 | D:2      | 1993 ||| DROPPING ring of magical power.
  1994 | D:2      | 1994 ||| READING scroll labelled QETAAX NULACS.
  1995 | D:2      | 1995 ||| READING scroll labelled FEIKKIC LUVVO.
  2286 | D:3      | 2286 ||| Stepping ~*~*~tactically~*~*~ (hiding).
  2291 | D:3      | 2291 ||| Stepping ~*~*~tactically~*~*~ (hiding).
  2303 | D:3      | Reached XP level 5. HP: 29/32 MP: 5/5
  2372 | D:3      | 2372 ||| Stepping ~*~*~tactically~*~*~ (stealth).
  2437 | D:3      | 2437 ||| Stepping ~*~*~tactically~*~*~ (stealth).
  2441 | D:3      | 2441 ||| Stepping ~*~*~tactically~*~*~ (stealth).
  2443 | D:3      | 2443 ||| Stepping ~*~*~tactically~*~*~ (stealth).
  2601 | D:3      | Reached skill level 5 in Axes
  3049 | D:3      | 3049 ||| UPGRADING to +2 helmet.
  3059 | D:3      | 3059 ||| DROPPING +0 helmet.
  3060 | D:3      | 3060 ||| DRINKING 4 viscous coppery potions.
  3061 | D:3      | 3061 ||| DROPPING 3 potions of brilliance.
  3146 | D:4      | Found a staircase to the Ecumenical Temple.
  3147 | D:4      | 3147 ||| PLANNING TEMPLE
  3148 | D:4      | 3148 ||| Stepping ~*~*~tactically~*~*~ (stealth).
  3162 | Temple   | Entered the Ecumenical Temple
  3196 | Temple   | 3196 ||| PLANNING D:1-11
  3207 | Temple   | Became a worshipper of Warmaster Okawaru
  3406 | D:4      | 3406 ||| Stepping ~*~*~tactically~*~*~ (hiding).
  3530 | D:4      | 3530 ||| Stepping ~*~*~tactically~*~*~ (hiding).
  3543 | D:4      | 3543 ||| FLEEEEING.
  3545 | D:4      | 3545 ||| FLEEEEING.
  3546 | D:4      | 3546 ||| FLEEEEING.
  3547 | D:4      | 3547 ||| FLEEEEING.
  3548 | D:4      | 3548 ||| FLEEEEING.
  3552 | D:4      | Reached XP level 6. HP: 35/38 MP: 6/6
  3828 | D:4      | 3828 ||| Stepping ~*~*~tactically~*~*~ (stealth).
  3953 | D:4      | Noticed a black bear
  3957 | D:4      | Killed a black bear
  4177 | D:4      | 4177 ||| READING scroll labelled JIYROE MIFISEC.
  4178 | D:4      | 4178 ||| DRINKING 2 pink potions.
  4179 | D:4      | 4179 ||| READING 5 scrolls of identify.
  4179 | D:4      | 4179 ||| IDENTIFYING bubbling red potion
  4212 | D:5      | Entered Level 5 of the Dungeon
  4213 | D:5      | 4213 ||| PLANNING OSSUARY
  4239 | D:5      | Reached skill level 6 in Axes
  4312 | D:5      | Found Estri's Distillery.
  4321 | D:5      | 4321 ||| BUYING 2 potions of cancellation (192 gold).
  4321 | D:5      | Bought 2 potions of cancellation for 192 gold pieces
  4321 | D:5      | 4321 ||| SHOPLISTING 2 potions of haste (240 gold, have
                  | 73).
  4321 | D:5      | 4321 ||| BUYING potion of attraction (36 gold).
  4321 | D:5      | Bought a potion of attraction for 36 gold pieces
  4321 | D:5      | 4321 ||| SHOPLISTING potion of might (48 gold, have 37).
  4321 | D:5      | 4321 ||| SHOPLISTING potion of mutation (96 gold, have 37).
  4364 | D:5      | Reached skill level 1 in Dodging
  4364 | D:5      | Reached XP level 7. HP: 35/43 MP: 7/7
  4433 | D:5      | Reached * piety under Okawaru
  4530 | D:5      | Reached skill level 1 in Invocations
  4656 | D:5      | Found a sand-covered staircase.
  4657 | D:5      | 4657 ||| DROPPING amulet of faith.
  4658 | D:5      | 4658 ||| UPGRADING to +4 ring of slaying {mikee}.
  4659 | D:5      | 4659 ||| READING scroll labelled ZEHERI TAI.
  4660 | D:5      | 4660 ||| READING scroll labelled JON COOGAA.
  4661 | D:5      | 4661 ||| READING scroll labelled GIULI MEUVYUMN.
  4762 | D:5      | 4762 ||| DRINKING 3 ruby potions.
  4763 | D:5      | 4763 ||| READING 4 scrolls of identify.
  4763 | D:5      | 4763 ||| IDENTIFYING dark potion
  4764 | D:5      | 4764 ||| DROPPING 2 potions of flight.
  4771 | Ossuary  | Entered an ossuary
  5100 | Ossuary  | Reached skill level 7 in Axes
  5132 | Ossuary  | 5132 ||| INVOKING Heroism.
  5139 | Ossuary  | Reached skill level 3 in Invocations
  5144 | Ossuary  | Reached XP level 8. HP: 48/48 MP: 8/10
  5263 | Ossuary  | 5263 ||| READING scroll of enchant armour.
  5263 | Ossuary  | 5263 ||| ENCHANTING +0 cloak.
  5370 | Ossuary  | 5370 ||| READING 4 scrolls labelled JOGHALAFONN.
  5374 | Ossuary  | 5374 ||| READING scroll labelled QEXIUBBUROA.
  5375 | Ossuary  | 5375 ||| DRINKING 2 lumpy blue potions.
  5479 | Ossuary  | 5479 ||| READING 3 scrolls of identify.
  5479 | Ossuary  | 5479 ||| IDENTIFYING sapphire potion
  5480 | Ossuary  | 5480 ||| DROPPING potion of degeneration.
  5481 | Ossuary  | 5481 ||| DROPPING potion of berserk rage.
  5497 | D:5      | 5497 ||| PLANNING D:1-11
  5626 | D:5      | 5626 ||| UPGRADING to amulet of regeneration.
  5636 | D:6      | Found a sparkling altar of Nemelex Xobeh.
  5648 | D:6      | Reached ** piety under Okawaru
  5657 | D:6      | 5657 ||| Stepping ~*~*~tactically~*~*~ (stealth).
  5684 | D:6      | Found Lojog's Assorted Antiques.
  5696 | D:6      | Found Yhud's Jewellery Shop.
  5698 | D:6      | Found Lynevamp's Book Boutique.
  5716 | D:6      | 5716 ||| SHOPLISTING glowing hat (238 gold, have 110).
  5716 | D:6      | 5716 ||| SHOPLISTING potion of heal wounds (170 gold, have
                  | 110).
  5716 | D:6      | 5716 ||| SHOPLISTING runed scale mail (238 gold, have 110).
  5716 | D:6      | 5716 ||| BUYING scroll of identify (68 gold).
  5716 | D:6      | Bought a scroll of identify for 68 gold pieces
  5725 | D:6      | 5725 ||| SHOPLISTING +4 ring of protection (468 gold, have
                  | 42).
  5725 | D:6      | 5725 ||| SHOPLISTING amulet of reflection (390 gold, have
                  | 42).
  5725 | D:6      | 5725 ||| SHOPLISTING ring "Uxeraana" {Fire Will+} (488
                  | gold, have 42).
  5725 | D:6      | 5725 ||| SHOPLISTING ring of fire (325 gold, have 42).
  5725 | D:6      | 5725 ||| SHOPLISTING ring of the Octopus King {rC+ HP+2
                  | AC+2 EV+2 SH+2} (798 gold, have 42).
  5737 | D:6      | Found an ornate altar of the Wu Jian Council.
  5794 | D:6      | 5794 ||| INVOKING Heroism.
  5798 | D:6      | Reached skill level 1 in Throwing
  5823 | D:6      | 5823 ||| INVOKING Heroism.
  5848 | D:6      | 5848 ||| Stepping ~*~*~tactically~*~*~ (stealth).
  5990 | D:6      | 5990 ||| INVOKING Heroism.
  5995 | D:6      | Noticed Maggie
  6002 | D:6      | 6002 ||| INVOKING Heroism.
  6018 | D:6      | Killed Maggie
  6019 | D:6      | Reached skill level 8 in Axes
  6019 | D:6      | Reached XP level 9. HP: 53/54 MP: 10/12
  6034 | D:6      | 6034 ||| DROPPING +0 whip.
  6067 | D:6      | 6067 ||| INVOKING Heroism.
  6094 | D:6      | 6094 ||| INVOKING Heroism.
  6138 | D:6      | Found a basalt altar of Yredelemnul.
  6193 | D:6      | Reached skill level 6 in Fighting
  6223 | D:6      | Reached *** piety under Okawaru
  6326 | D:6      | 6326 ||| Stepping ~*~*~tactically~*~*~ (hiding).
  6328 | D:6      | 6328 ||| Stepping ~*~*~tactically~*~*~ (hiding).
  6469 | D:6      | 6469 ||| UPGRADING to +0 pair of gloves.
  6474 | D:6      | 6474 ||| READING scroll labelled YSTRIL EREVIFESM.
  6475 | D:6      | 6475 ||| READING 4 scrolls of identify.
  6475 | D:6      | 6475 ||| IDENTIFYING red potion
  6485 | D:7      | Found a shimmering blue altar of Sif Muna.
  6486 | D:7      | 6486 ||| INVOKING Heroism.
  6487 | D:7      | 6487 ||| STAIRDANCE
  6491 | D:6      | Reached skill level 9 in Axes
  6503 | D:7      | 6503 ||| INVOKING Heroism.
  6526 | D:7      | You fall into a shaft and drop 2 floors!
  6595 | D:9      | Found a blossoming altar of Fedhas.
  6656 | D:9      | Noticed a troll
  6657 | D:9      | 6657 ||| INVOKING Heroism.
  6663 | D:9      | Killed a troll
  6711 | D:9      | Noticed Maurice
  6714 | D:9      | 6714 ||| Stepping ~*~*~tactically~*~*~ (hiding).
  6715 | D:9      | 6715 ||| Stepping ~*~*~tactically~*~*~ (hiding).
  6729 | D:9      | 6729 ||| FLEEEEING.
  6730 | D:9      | 6730 ||| INVOKING Heroism.
  6736 | D:9      | 6736 ||| Stepping ~*~*~tactically~*~*~ (stealth).
  6742 | D:9      | Killed Maurice
  6745 | D:9      | 6745 ||| Stepping ~*~*~tactically~*~*~ (stealth).
  6753 | D:9      | Reached XP level 10. HP: 62/63 MP: 13/13
  6781 | D:8      | Found an opulent altar of Gozag.
  6855 | D:8      | Reached skill level 10 in Axes
  6868 | D:8      | Found a hazy altar of Hepliaklqana.
  6958 | D:8      | Noticed a deep elf pyromancer
  6961 | D:8      | 6961 ||| INVOKING Heroism.
  6963 | D:8      | Killed a deep elf pyromancer
  6963 | D:8      | Reached **** piety under Okawaru
  6964 | D:8      | Reached skill level 6 in Armour
  7027 | D:8      | Found a transporter.
  7029 | D:8      | Found a transporter.
  7030 | D:8      | Noticed a boulder beetle
  7149 | D:8      | 7149 ||| INVOKING Heroism.
  7173 | D:8      | 7173 ||| READING scroll of enchant armour.
  7173 | D:8      | 7173 ||| ENCHANTING +0 pair of gloves.
  7234 | D:8      | 7234 ||| DROPPING scarf of shadows.
  7235 | D:8      | 7235 ||| READING scroll labelled TUECKEO CEAH.
  7304 | D:7      | 7304 ||| INVOKING Heroism.
  7353 | D:7      | Noticed Joseph
  7354 | D:7      | 7354 ||| Stepping ~*~*~tactically~*~*~ (hiding).
  7374 | D:7      | Killed Joseph
  7383 | D:7      | Found a glowing silver altar of Zin.
  7384 | D:7      | 7384 ||| READING 4 scrolls of teleportation.
  7407 | D:7      | 7407 ||| Stepping ~*~*~tactically~*~*~ (stealth).
  7409 | D:7      | 7409 ||| Stepping ~*~*~tactically~*~*~ (hiding).
  7497 | D:7      | Found a runed translucent door.
  7498 | D:7      | Noticed Crazy Yiuf
  7659 | D:7      | Noticed Menkaure
  7660 | D:7      | 7660 ||| INVOKING Heroism.
  7664 | D:7      | Killed Menkaure
  7804 | D:7      | 7804 ||| Stepping ~*~*~tactically~*~*~ (stealth).
  7806 | D:7      | 7806 ||| Stepping ~*~*~tactically~*~*~ (hiding).
  7855 | D:7      | 7855 ||| Stepping ~*~*~tactically~*~*~ (stealth).
  8066 | D:7      | Reached skill level 6 in Invocations
  8137 | D:7      | 8137 ||| READING scroll labelled GAIDUE UXKIZ.
  8196 | D:8      | 8196 ||| Stepping ~*~*~tactically~*~*~ (hiding).
  8209 | D:8      | Found a hide-covered altar of Uskayaw.
  8230 | D:8      | 8230 ||| Stepping ~*~*~tactically~*~*~ (stealth).
  8231 | D:8      | 8231 ||| Stepping ~*~*~tactically~*~*~ (stealth).
  8236 | D:8      | 8236 ||| INVOKING Heroism.
  8330 | D:8      | Reached ***** piety under Okawaru
  8517 | D:9      | 8517 ||| Stepping ~*~*~tactically~*~*~ (hiding).
  8524 | D:9      | 8524 ||| STAIRDANCE
  8536 | D:9      | 8536 ||| STAIRDANCE
  8542 | D:9      | 8542 ||| STAIRDANCE
  8551 | D:8      | 8551 ||| INVOKING Heroism.
  8585 | D:9      | 8585 ||| STAIRDANCE
  8611 | D:9      | 8611 ||| INVOKING Heroism.
  8661 | D:9      | Found a snail-covered altar of Cheibriados.
  8669 | D:9      | Found Ijavvitt's Assorted Antiques.
  8677 | D:9      | 8677 ||| BUYING potion of curing (60 gold).
  8677 | D:9      | Bought a potion of curing for 60 gold pieces
  8677 | D:9      | 8677 ||| BUYING runed orb (240 gold).
  8677 | D:9      | Bought a runed orb for 240 gold pieces
  8677 | D:9      | 8677 ||| BUYING scroll labelled UQEFOO DYIJEIJ (20 gold).
  8677 | D:9      | Bought a scroll labelled UQEFOO DYIJEIJ for 20 gold pieces
  8677 | D:9      | 8677 ||| BUYING scroll of identify (40 gold).
  8677 | D:9      | Bought a scroll of identify for 40 gold pieces
  8723 | D:9      | 8723 ||| Stepping ~*~*~tactically~*~*~ (cloud).
  8726 | D:9      | 8726 ||| INVOKING Heroism.
  9133 | D:9      | Found a staircase to the Lair.
  9427 | D:9      | 9427 ||| PLANNING LAIR
  9427 | D:9      | 9427 ||| DROPPING orb of guile.
  9428 | D:9      | 9428 ||| READING 2 scrolls labelled UQEFOO DYIJEIJ.
  9429 | D:9      | 9429 ||| DROPPING scroll of immolation.
  9451 | Lair:1   | Entered Level 1 of the Lair of Beasts
  9481 | Lair:1   | 9481 ||| INVOKING Heroism.
  9484 | Lair:1   | Reached XP level 11. HP: 68/68 MP: 13/16
  9493 | Lair:1   | 9493 ||| Stepping ~*~*~tactically~*~*~ (stealth).
  9494 | Lair:1   | 9494 ||| Stepping ~*~*~tactically~*~*~ (stealth).
  9511 | Lair:1   | 9511 ||| INVOKING Heroism.
  9543 | Lair:1   | Received a gift from Okawaru
  9546 | Lair:1   | 9546 ||| INVOKING Heroism.
  9557 | Lair:1   | Reached skill level 11 in Axes
  9634 | Lair:1   | Noticed a boulder beetle
  9635 | Lair:1   | 9635 ||| INVOKING Heroism.
  9636 | Lair:1   | 9636 ||| INVOKING Finesse.
  9650 | Lair:1   | Killed a boulder beetle
  9650 | Lair:1   | Identified the +7 glaive of Okawaru's Generosity {spect,
                  | rC++ MP-9 Int+3} (Okawaru gifted it to you on level 1 of
                  | the Lair of Beasts)
  9650 | Lair:1   | Received a gift from Okawaru
  9692 | Lair:1   | 9692 ||| INVOKING Heroism.
  9699 | Lair:1   | Reached skill level 9 in Invocations
  9823 | Lair:1   | 9823 ||| INVOKING Heroism.
  9840 | Lair:1   | Found a dark tunnel.
 10072 | Lair:1   | Noticed a death yak
 10073 | Lair:1   | 10073 ||| INVOKING Heroism.
 10074 | Lair:1   | 10074 ||| INVOKING Finesse.
 10077 | Lair:1   | Noticed a death yak
 10089 | Lair:1   | Killed a death yak
 10097 | Lair:1   | Killed a death yak
 10098 | Lair:1   | Reached skill level 9 in Fighting
 10160 | Lair:1   | Noticed an eight-headed hydra
 10161 | Lair:1   | 10161 ||| INVOKING Heroism.
 10162 | Lair:1   | 10162 ||| INVOKING Finesse.
 10171 | Lair:1   | 10171 ||| SWAPPING to +0 morningstar.
 10175 | Lair:1   | Killed an eight-headed hydra
 10176 | Lair:1   | 10176 ||| SWAPPING to +1 war axe.
 10447 | Lair:1   | 10447 ||| DRINKING 2 cyan potions.
 10448 | Lair:1   | 10448 ||| READING 7 scrolls of identify.
 10448 | Lair:1   | 10448 ||| IDENTIFYING coppery potion
 10473 | Lair:2   | 10473 ||| INVOKING Heroism.
 10477 | Lair:2   | Identified the +4 cloak of the Unstoppable Nights {rElec
                  | Int-2 Dex+5} (Okawaru gifted it to you on level 2 of the
                  | Lair of Beasts)
 10477 | Lair:2   | Received a gift from Okawaru
 10633 | Lair:2   | Reached XP level 12. HP: 76/76 MP: 19/19
 10664 | Lair:2   | 10664 ||| FLEEEEING.
 10665 | Lair:2   | 10665 ||| FLEEEEING.
 10666 | Lair:2   | 10666 ||| FLEEEEING.
 10668 | Lair:2   | 10668 ||| INVOKING Heroism.
 10694 | Lair:2   | Reached skill level 12 in Axes
 10735 | Lair:2   | 10735 ||| READING scroll of enchant weapon.
 10735 | Lair:2   | 10735 ||| ENCHANTING +1 war axe.
 10801 | Lair:2   | 10801 ||| FLEEEEING.
 10921 | Lair:2   | 10921 ||| INVOKING Heroism.
 10922 | Lair:2   | 10922 ||| INVOKING Finesse.
 10940 | Lair:2   | 10940 ||| FLEEEEING.
 11001 | Lair:2   | 11001 ||| INVOKING Heroism.
 11002 | Lair:2   | 11002 ||| INVOKING Finesse.
 11016 | Lair:2   | 11016 ||| DRINKING 4 potions of cancellation.
 11038 | Lair:2   | HP: 14/76 [oklob plant/splash of acid (11)]
 11039 | Lair:2   | 11039 ||| READING 6 scrolls of teleportation.
 11040 | Lair:2   | 11040 ||| DRINKING 4 potions of heal wounds.
 11253 | Lair:2   | Found a bloodstained altar of Trog.
 11286 | Lair:2   | 11286 ||| SWAPPING to +0 broad axe.
 11287 | Lair:2   | 11287 ||| DROPPING +2 war axe.
 11298 | Lair:2   | 11298 ||| INVOKING Heroism.
 11299 | Lair:2   | 11299 ||| INVOKING Finesse.
 11324 | Lair:2   | 11324 ||| DRINKING 3 potions of cancellation.
 11328 | Lair:2   | HP: 15/76 [oklob plant/splash of acid (19)]
 11329 | Lair:2   | 11329 ||| READING 5 scrolls of teleportation.
 11330 | Lair:2   | 11330 ||| DRINKING 3 potions of heal wounds.
 11331 | Lair:2   | 11331 ||| INVOKING Heroism.
 11423 | Lair:2   | 11423 ||| INVOKING Heroism.
 11424 | Lair:2   | 11424 ||| INVOKING Finesse.
 11432 | Lair:2   | HP: 10/76 [oklob plant/splash of acid (23)]
 11433 | Lair:2   | 11433 ||| READING 4 scrolls of teleportation.
 11434 | Lair:2   | 11434 ||| DRINKING 2 potions of heal wounds.
 11497 | Lair:2   | 11497 ||| FLEEEEING.
 11498 | Lair:2   | 11498 ||| FLEEEEING.
 11621 | Lair:2   | 11621 ||| INVOKING Heroism.
 11642 | Lair:2   | 11642 ||| DRINKING 2 potions of cancellation.
 11648 | Lair:2   | HP: 16/76 [oklob plant/splash of acid (10)]
 11649 | Lair:2   | 11649 ||| READING 3 scrolls of teleportation.
 11649 | Lair:2   | HP: 7/76 [oklob plant/splash of acid (10)]
 11650 | Lair:2   | 11650 ||| DRINKING potion of heal wounds.
 11691 | Lair:2   | 11691 ||| FLEEEEING.
 11692 | Lair:2   | 11692 ||| FLEEEEING.
 11719 | Lair:2   | 11719 ||| INVOKING Heroism.
 11727 | Lair:2   | 11727 ||| FLEEEEING.
 11728 | Lair:2   | 11728 ||| FLEEEEING.
 11781 | Lair:2   | 11781 ||| FLEEEEING.
 11782 | Lair:2   | 11782 ||| FLEEEEING.
 11904 | Lair:2   | 11904 ||| FLEEEEING.
 11905 | Lair:2   | 11905 ||| FLEEEEING.
 11906 | Lair:2   | 11906 ||| FLEEEEING.
 11940 | Lair:2   | 11940 ||| INVOKING Heroism.
 11951 | Lair:2   | 11951 ||| FLEEEEING.
 11952 | Lair:2   | 11952 ||| FLEEEEING.
 11999 | Lair:2   | 11999 ||| INVOKING Heroism.
 12003 | Lair:2   | HP: 18/76 [oklob plant/splash of acid (17)]
 12004 | Lair:2   | 12004 ||| READING 2 scrolls of teleportation.
 12013 | Lair:2   | HP: 12/76 [oklob plant/splash of acid (16)]
 12014 | Lair:2   | 12014 ||| READING scroll of teleportation.
 12128 | Lair:2   | 12128 ||| INVOKING Heroism.
 12139 | Lair:2   | 12139 ||| DRINKING potion of cancellation.
 12153 | Lair:2   | HP: 5/76 [oklob plant/splash of acid (27)]
 12169 | Lair:2   | HP: 15/76 [oklob plant/splash of acid (6)]
 12170 | Lair:2   | HP: 2/76 [oklob plant/splash of acid (14)]
 12172 | Lair:2   | 12172 ||| INVOKING Heroism.
 12178 | Lair:2   | Killed from afar by an oklob plant

Levels and vault maps discovered:
D:1:      minmay_arrival_stone_box, layout_loops_ring, minmay_misc_feat_hallway,
          minmay_surrounded
D:2:      layout_loops_ring, basic_altar, uniq_robin
D:3:      layout_loops_corners
D:4:      layout_loops_corners, minmay_temple_entry_mist
D:5:      layout_rooms, serial_shops, nicolae_shop_statue_plus, enter_ossuary_1
D:6:      layout_cave_pools, overflow_temple_1_default, lemuel_crystal_altar,
          mainiacjoe_overflow_24_doors, serial_shops, shop, shop, shop,
          kennysheep_big_empty_room, minmay_pentangle, uniq_maggie
D:7:      layout_loops_ring, amcnicky_altar_gilded,
          mainiacjoe_overflow_boulevard, uniq_joseph, uniq_menkaure,
          uniq_crazy_yiuf_cottage
D:8:      gammafunk_boulding_lane, layout_loops_ring,
          nicolae_hepliaklqana_hippocampus,
          nicolae_uskayaw_murder_on_the_dancefloor, nicolae_gozag_seed_capital
D:9:      layout_layer_cave, kennysheep_mini, old_standard_altar,
          david_lair_generic, serial_shops, shop, uniq_maurice
Temple:   hellmonk_temple_of_storms
Lair:1:   layout_chaotic_city, nicolae_volcano_entry_two_sided,
          lemuel_fruit_fields
Lair:2:   layout_regular_city, basic_altar, minmay_lair_oklob_bushes

Skill      XL: |  1  2  3  4  5  6  7  8  9 10 11 12 |
---------------+-------------------------------------+-----
Axes           | 2 3 4 5 6 7 8 9 10 11 12 | 12.0
Fighting       | 4 5 7 8 9 |  9.0
Dodging        | 1 2 |  2.2
Invocations    | 3 4 7 10 | 10.2
Throwing       | 1 2 |  2.7
Armour         | 4 5 6 7 |  7.1
Shields        | 4 5 |  5.4

Action                   |  1- 3 |  4- 6 |  7- 9 | 10-12 || total
-------------------------+-------+-------+-------+-------++-------
Melee: War axe           |    97 |   168 |   215 |   309 ||   789
       Morningstar       |       |       |       |     4 ||     4
Throw: Boomerang         |       |    42 |    57 |    82 ||   181
       Javelin           |       |       |       |     6 ||     6
Invok: Heroism           |       |       |    11 |    29 ||    40
       Finesse           |       |       |       |     7 ||     7
  Use: Scroll            |     2 |     4 |    10 |    13 ||    29
       Potion            |       |     2 |     2 |     9 ||    13
Armor: Scale mail        |    51 |     2 |       |       ||    53
       Chain mail        |       |    92 |   125 |   161 ||   378
Dodge: Dodged            |    45 |    62 |    60 |   102 ||   269
Block: Buckler           |    21 |    33 |    29 |    58 ||   141

Table legend:
 A = Non-vault XP
 B = Vault XP
 C = Vault XP percentage of total XP
 D = Non-vault monster count
 E = Vault monster count
 F = Vault count percentage of total count
                 A         B        C        D         E       F
            +---------+---------+-------+---------+---------+-------
      Total |   17837 |    2899 |  14.0 |     199 |      62 |  23.8
            +---------+---------+-------+---------+---------+-------
        D:1 |      44 |       5 |  10.2 |      19 |       3 |  13.6
        D:2 |      46 |      30 |  39.5 |      13 |       9 |  40.9
        D:3 |     173 |       0 |   0.0 |      26 |       0 |   0.0
        D:4 |     196 |       0 |   0.0 |      18 |       0 |   0.0
        D:5 |     458 |       0 |   0.0 |       9 |       0 |   0.0
        D:6 |    1072 |     728 |  40.4 |      17 |       6 |  26.1
        D:7 |     732 |     649 |  47.0 |      19 |       2 |   9.5
        D:8 |    2539 |       0 |   0.0 |      26 |       0 |   0.0
        D:9 |     872 |    1107 |  55.9 |       9 |       5 |  35.7
     Lair:1 |    7759 |       0 |   0.0 |      26 |       0 |   0.0
     Lair:2 |    3946 |       0 |   0.0 |      17 |       0 |   0.0
    Ossuary |       0 |     380 | 100.0 |       0 |      37 | 100.0
            +---------+---------+-------+---------+---------+-------
